 Dungeon Crawl Stone Soup version 0.27.1-2-g3b301248ec (webtiles) character file.

Game seed: 7062856769022411125

53 H0rd4k the Charlatan (level 4, -2/32 HPs)
             Began as a Human Artificer on Oct 4, 2021.
             Frozen to death by an endoplasm (5 damage)
             ... on level 2 of the Dungeon.
             The game lasted 00:02:16 (2594 turns).

H0rd4k the Charlatan (Human Artificer)              Turns: 2594, Time: 00:02:17

Health: -2/32      AC:  3    Str: 13    XL:     4   Next: 11%
Magic:  4/4        EV: 11    Int: 11    God:
Gold:   51         SH:  0    Dex: 14    Spells: 3/3 levels left

rFire    . . .     SeeInvis .   j - +0 dagger
rCold    . . .     Faith    .   (no shield)
rNeg     . . .     Spirit   .   b - +0 leather armour
rPois    +         Reflect  .   (no helmet)
rElec    .         Harm     .   (no cloak)
rCorr    .         Rampage  .   (no gloves)
Will     .....                  (no boots)
Stlth    ++........             (no amulet)
HPRegen  0.10/turn              n - ring of poison resistance
MPRegen  0.09/turn              (no ring)

@: no status effects
A: no striking features
a: no special abilities


You were on level 2 of the Dungeon.
You visited 1 branch of the dungeon, and saw 2 of its levels.

You collected 51 gold pieces.

Inventory:

Hand Weapons
 a - a +0 club
 j - a +0 dagger (weapon)
Armour
 b - a +0 leather armour (worn)
 l - a +0 pair of gloves
Jewellery
 n - a ring of poison resistance (left hand)
Wands
 c - a wand of flame (7) (quivered)
 d - a wand of charming (15)
Scrolls
 f - 4 scrolls of identify {unknown}
 i - a scroll of acquirement {unknown}
 o - a scroll of enchant armour {unknown}
Potions
 g - a potion of berserk rage {unknown}
 h - a potion of might {unknown}
 k - a potion of mutation {unknown}
 m - a potion of curing {unknown}
Miscellaneous
 e - a piece from Xom's chessboard (11/15)


   Skills:
 + Level 1.3 Fighting
 + Level 0.3 Short Blades
 + Level 2.8 Armour
 + Level 1.2 Dodging
 + Level 1.3 Stealth
 + Level 3.7 Evocations


You had 3 spell levels left.
You didn't know any spells.
Your spell library contained the following spells:

 Spells                   Type           Power      Damage    Failure   Level
 Sublimation of Blood     Necr           0%         N/A       56%         2
 Petrify                  Tmut/Erth      0%         N/A       99%         4
 Irradiate                Conj/Tmut      0%         3d13      100%        5


Dungeon Overview and Level Annotations

Branches:
Dungeon (2/15)

Altars:

Annotations:
D:2 Jessica


Message History

Unknown command.
You barely miss the frilled lizard. The frilled lizard barely misses you.
You hit the frilled lizard.
The frilled lizard is heavily wounded.
The frilled lizard completely misses you.
Jessica mumbles some strange words.
Jessica blinks!
You hit the frilled lizard.
You kill the frilled lizard!
Jessica mumbles some strange words.
Jessica blinks!
The frilled lizard bites you but does no damage.
You barely miss the frilled lizard.
The endoplasm hits you but does no damage.
The frilled lizard bites you.
You closely miss the frilled lizard.
Jessica mumbles some strange words.
Jessica blinks!
You hit the frilled lizard.
The frilled lizard is heavily wounded.
The endoplasm hits you. The frilled lizard closely misses you.
You barely miss the frilled lizard.
The frilled lizard is heavily wounded.
The endoplasm hits you.
You hit the frilled lizard.
You kill the frilled lizard!
Jessica casts a spell.
Jessica blinks!
The endoplasm freezes you.
You are frozen.
You hit the endoplasm.
The endoplasm is moderately wounded.
You hit the endoplasm.
The endoplasm is severely wounded.
Jessica points at you and mumbles some strange words.
Pain shoots through your body!
* * * LOW HITPOINT WARNING * * *
The endoplasm freezes you.
You are frozen.
You die...

#...................# #
#......##+........### #
#......##+........# .
#...<.............# ..
#..........######## ...
##...##....'.....# ....
##...##..>.#####.# .....
..............##.#......
...............#@J......
...............#.'......
......##.......#.#......
......##.......#.#.@....
......##.......#.#......
####'###....####.# .....
####.######## #.# #....
............ #.# #...
####.#######


You could see Jessica (fast) and an endoplasm (slow).

Vanquished Creatures
  3 adders (D:2)
  A ball python (D:1)
  A bat (D:1)
  5 endoplasms (D:1)
  2 giant cockroaches (D:2)
  2 goblins (D:1)
  2 hobgoblins
  3 quokkas
  4 frilled lizards
  3 rats
26 creatures vanquished.

Notes
Turn   | Place    | Note
-------+----------+-------------------------------------------
     0 | D:1      | H0rd4k the Human Artificer began the quest for the Orb.
     0 | D:1      | Reached XP level 1. HP: 15/15 MP: 1/1
   346 | D:1      | Reached XP level 2. HP: 14/21 MP: 2/2
  1442 | D:2      | Reached XP level 3. HP: 26/26 MP: 3/3
  2022 | D:2      | Reached XP level 4. HP: 5/32 MP: 4/4
  2567 | D:2      | Noticed Jessica
  2594 | D:2      | Frozen to death by an endoplasm

Illustrated notes

Levels and vault maps discovered:
D:1:      mainiacjoe_arrival_reflecting_pool, layout_basic
D:2:      kennysheep_big_flooded_room, layout_basic, minmay_distorted,
          uniq_jessica

Action                   |  1- 3 |  4- 6 || total
-------------------------+-------+-------++-------
Melee: Club              |    27 |       ||    27
       Dagger            |    88 |    17 ||   105
Evoke: Wand              |     7 |     1 ||     8
       Piece from Xom's  |       |     4 ||     4
 Stab: Sleeping          |     1 |     2 ||     3
Armor: Leather armour    |    24 |     2 ||    26
Dodge: Dodged            |    68 |     7 ||    75
